 Dungeon Crawl Stone Soup version 0.30-a0-672-gc3a7216ad8 (webtiles) character file.

Game seed: 9771329772959423540

101344 Newt the Severer (level 15, -12/115 HPs)
             Began as a Demonspawn Gladiator on Jan 18, 2023.
             Was the Champion of Okawaru.
             Mangled by a salamander
             ... wielding a +0 trident
              (14 damage)
             ... on level 2 of the Snake Pit.
             The game lasted 00:28:34 (26851 turns).

Newt the Severer (Demonspawn Gladiator)            Turns: 26851, Time: 00:28:35

Health: -12/115    AC: 23    Str: 21    XL:     15   Next: 83%
Magic:  21/21      EV: 30    Int:  6    God:    Okawaru [******]
Gold:   1833       SH:  0    Dex: 19    Spells: 14/14 levels left

rFire   . . .      SeeInvis +    H - +8 battleaxe (freeze)
rCold   + + .      Faith    .    (shield currently unavailable)
rNeg    + . .      Spirit   .    r - +8 ring mail of Xoastixo {Rampage Will+ SInv}
rPois   +          Reflect  .    c - +1 helmet
rElec   .          Harm     +    U - +2 cloak
rCorr   .          Rampage  +    a - +2 pair of gloves "Tifuarch" {Harm Dex+3}
Will    ++++.                    (boots unavailable)
Stlth   +                        F - amulet of the acrobat
HPRegen 0.39/turn                j - ring of willpower
MPRegen 0.17/turn                h - ring "Xiosmiu" {rPois rC++ rN+ Int-3 Slay+3}

@: confused, ambrosia-drunk, acrobatic
A: hooves 3, repulsion field 2, foul stench 2, condensation shield, demonic
willpower
a: Renounce Religion, Heroism, Finesse, Duel


You were on level 2 of the Snake Pit.
You worshipped Okawaru.
Okawaru was exalted by your worship.
You visited 4 branches of the dungeon, and saw 22 of its levels.
You also visited: Ossuary, Bailey and Volcano.

You collected 3164 gold pieces.
You spent 1331 gold pieces at shops.

Inventory:

Hand Weapons
 x - a +3 whip
 H - a +8 battleaxe of freezing (weapon)
 Q - a +3 war axe
 R - a +2 battleaxe of electrocution
 Z - the +8 Wrath of Trog {antimagic, *Rage Rampage}
   (Okawaru gifted it to you on level 12 of the Dungeon)

   It causes slowness and exhaustion when equipped.
   It extends the wielder's berserk rage when killing foes.
   *Rage:     It berserks you when you make melee attacks (+50% chance).
   Rampage:   It bestows one free step when moving towards enemies.
Missiles
 d - 7 throwing nets (quivered)
 e - 8 javelins
 m - 4 atropa-tipped darts
 T - a silver javelin
 W - a boomerang of dispersal
Armour
 a - the +2 pair of gloves "Tifuarch" (worn) {Harm Dex+3}
   (Okawaru gifted it to you on level 1 of the Orcish Mines)

   Dex:       It affects your dexterity (+3).
   Harm:      It increases damage dealt and taken.
 b - a +2 pair of gloves of hurling
 c - a +1 helmet (worn)
 o - a +3 plate armour of fire resistance
 r - the +8 ring mail of Xoastixo (worn) {Rampage Will+ SInv}
   (You found it on level 2 of the Dungeon)

   SInv:      It lets you see invisible.
   Rampage:   It bestows one free step when moving towards enemies.
   Will:      It increases your willpower.
 J - the +3 ring mail of Gravity {rElec SInv Stlth+}
   (You bought it in a shop on level 8 of the Dungeon)

   rElec:     It insulates you from electricity.
   SInv:      It lets you see invisible.
   Stlth:     It makes you more stealthy.
 U - a +2 cloak (worn)
Jewellery
 h - the ring "Xiosmiu" (right hand) {rPois rC++ rN+ Int-3 Slay+3}
   (You bought it in a shop on level 2 of the Orcish Mines)

   [ring of poison resistance]

   Int:       It affects your intelligence (-3).
   Slay:      It affects your accuracy & damage with ranged weapons and melee
   (+3).
   rC:        It greatly protects you from cold.
   rPois:     It protects you from poison.
   rN:        It protects you from negative energy.
 i - a ring of flight
 j - a ring of willpower (left hand)
 F - an amulet of the acrobat (around neck)
 O - a ring of positive energy
 X - a ring of poison resistance
Wands
 t - a wand of roots (13)
 y - a wand of digging (5)
 D - a wand of mindburst (19)
 E - a wand of polymorph (6)
 K - a wand of light (16)
 P - a wand of paralysis (19)
 V - a wand of flame (10)
Scrolls
 p - 2 scrolls of poison
 q - 2 scrolls of fear
 w - a scroll of magic mapping
 A - a scroll of identify
 B - 2 scrolls of amnesia
 G - 4 scrolls of teleportation
 L - a scroll of silence
 M - 4 scrolls of enchant armour
 Y - a scroll of brand weapon
Potions
 f - 6 potions of curing
 g - 3 potions of resistance {unknown}
 k - a potion of berserk rage
 l - a potion of flight
 n - a potion of mutation
 s - 5 potions of haste
 u - 4 potions of heal wounds
 v - 3 potions of brilliance
 z - a potion of ambrosia
 C - 3 potions of cancellation
 I - 2 potions of might
 S - a potion of invisibility
Miscellaneous
 N - a condenser vane


   Skills:
 - Level 10.0 Fighting
 - Level 2.6 Short Blades
 - Level 17.6(18.0) Axes
 - Level 6.0(12.9) Maces & Flails
 - Level 15.0 Throwing
 + Level 7.8 Armour
 - Level 2.6 Dodging
 - Level 3.0 Stealth
 - Level 8.0 Invocations
 - Level 5.0 Evocations


You had 14 spell levels left.
You didn't know any spells.
Your spell library contained the following spells:

 Spells                   Type           Power      Damage    Failure   Level
 Foxfire                  Conj/Fire      0%         2x1d4     58%         1
 Magic Dart               Conj           0%         1d3       58%         1
 Sandblast                Erth           0%         2d4       58%         1
 Slow                     Hex            0%         N/A       58%         1
 Passwall                 Tmut/Erth      0%         N/A       75%         2
 Scorch                   Fire           0%         2d5       75%         2
 Sublimation of Blood     Necr           0%         N/A       75%         2
 Confusing Touch          Hex            0%         N/A       92%         3
 Dazzling Flash           Conj/Hex       0%         N/A       92%         3
 Hailstorm                Conj/Ice       0%         3d3       92%         3
 Mephitic Cloud           Conj/Pois/Air  0%         N/A       92%         3
 Ozocubu's Armour         Ice            0%         N/A       92%         3
 Portal Projectile        Hex/Tloc       0%         N/A       92%         3
 Stone Arrow              Conj/Erth      0%         3d7       92%         3
 Vampiric Draining        Necr           0%         2d6       92%         3
 Flame Wave               Conj/Fire      0%         2d4       100%        4
 Ice Form                 Ice/Tmut       0%         N/A       100%        4
 Petrify                  Tmut/Erth      0%         N/A       100%        4
 Agony                    Necr           0%         N/A       100%        5
 Blade Hands              Tmut           0%         N/A       100%        5
 Fireball                 Conj/Fire      0%         3d3       100%        5
 Irradiate                Conj/Tmut      0%         3d11      100%        5
 Silence                  Hex/Air        0%         N/A       100%        5
 Iron Shot                Conj/Erth      0%         9d1       100%        6
 Starburst                Conj/Fire      0%         6d3       100%        6
 Ozocubu's Refrigeration  Ice            0%         4d7       100%        7
 Call Imp                 Summ           Unusable   N/A       N/A         2
 Tukima's Dance           Hex            Unusable   N/A       N/A         3
 Animate Armour           Summ/Erth      Unusable   N/A       N/A         4
 Simulacrum               Ice/Necr       Unusable   N/A       N/A         6
 Summon Cactus Giant      Summ           Unusable   N/A       N/A         6

Dungeon Overview and Level Annotations

Branches:
Dungeon (13/15)            Temple (0/1) D:5            Lair (5/5) D:10
  Swamp (0/4) Lair:2        Snake (2/4) Lair:3        Slime (0/5) Lair:4
    Orc (2/2) D:12            Elf (0/3) Orc:2       Ossuary (visited)
 Bailey (visited)         Volcano (visited)
 Vaults: D:13-14

Altars:
Gozag
Hepliaklqana
Okawaru
Ru
Uskayaw
Vehumet
Wu Jian
Yredelemnul
Jiyva

Shops:
D:8 [   Orc:1 *   Orc:2 [(=(


Innate Abilities, Weirdness & Mutations

You have hooves in place of feet.
You are surrounded by a moderate repulsion field. (EV +3)
You sometimes emit foul miasma when damaged in melee.
A meltable shield of frost defends you. (SH +0)
You punish those that try to bend your will. (Will+)


Message History

The arrow burns you.
* * * LOW HITPOINT WARNING * * *
You are too injured to fight recklessly!
You are too injured to fight recklessly!
Unknown command.
You rampage towards the salamander!
You completely miss the salamander.
The salamander is moderately wounded.
You slice the salamander!! You freeze the salamander. You hit the salamander.
You freeze the salamander.
The salamander hits you with a +0 trident.
* * * LOW HITPOINT WARNING * * *
You are engulfed in flames!
* * * LOW HITPOINT WARNING * * *
You emit a cloud of foul miasma!
The salamander hits you but does no damage.
The salamander unwields a +0 shortbow of flaming.
It stops flaming.
The salamander hits you but does no damage.
Unknown command.
You are confused.
You feel invigorated. The salamander misses you.
The salamander is engulfed in dark miasma.
The salamander is poisoned.
The salamander barely misses you.
Unknown command.
The salamander attacks as you move away!
The salamander barely misses you.
The salamander attacks as you move away!
The salamander hits you with a +0 trident.
* * * LOW HITPOINT WARNING * * *
You are engulfed in flames!
* * * LOW HITPOINT WARNING * * *
The salamander wields a +0 shortbow of flaming.
It bursts into flame!
The salamander shoots an arrow.
The arrow hits you but does no damage.
The salamander is engulfed in dark miasma.
The salamander looks even sicker.
The salamander seems to slow down.
The salamander hits you from afar with a +0 trident.
* * * LOW HITPOINT WARNING * * *
You are engulfed in flames!
You die...

#.....<.............##
#......####.........#
#..##### ###.......##
#.# #........#### .
##......†...#
#..........#
#########........).#
##N?°#.......######..
#.N†@......## ##.
#.N#####...# #.
#..###..../# ##
#..........## ##.
#########...# ####..
##..####.....
#.....).#####
#.##..### #.# ##.#


You could see 3 salamanders.

Vanquished Creatures
  Rupert (Orc:2)
  Jorgrun (D:12)
  Gastronok (D:12)
  The ghost of Rumaargh the Prestidigitator, a journeyman NaFE of Cheibriados (Orc:1)
  The ghost of whiskeysaurus the Convoker, a journeyman BaSu of Gozag (Orc:2)
  3 dire elephants (Lair:5)
  An ettin (Orc:2)
  A salamander tyrant (Snake:2)
  10 hydras
  4 ogre magi (Orc:2)
  Erica (Orc:1)
  2 anacondas
  6 death yaks
  2 boulder beetles
  19 two-headed ogres
  A spectral dire elephant (Lair:5)
  A naga warrior (Snake:1)
  2 naga sharpshooters (Snake:1)
  Sonja (Orc:1)
  Amaemon (Lair:1)
  2 skeletal warriors (Volcano)
  A spectral death yak (Lair:5)
  A spectral anaconda (Lair:5)
  2 naga ritualists (Snake:1)
  Pikel (D:4)
  4 necromancers (Lair:5)
  2 orc knights
  An obsidian statue (Lair:5)
  5 mana vipers (Snake:1)
  3 anaconda skeletons (Volcano)
  An ugly thing (D:11)
  An orc sorcerer (Bailey)
  2 cyclopes
  A manticore (D:12)
  2 salamanders
  11 black mambas
  A dire elephant zombie (Lair:5)
  A torpor snail (Lair:3)
  15 elephants
  4 naga magi
  Joseph (D:10)
  An orange demon (Lair:1)
  17 cane toads
  3 rime drakes
  6 gargoyles
  A dire elephant skeleton (Lair:5)
  2 unseen horrors
  The ghost of demibob the Twirler, a novice DsGl of Gozag (D:5)
  3 kobold demonologists
  10 komodo dragons
  3 polar bears
  A meliai (D:9)
  3 trolls
  7 blink frogs
  A hornet (D:11)
  A harpy skeleton (Volcano)
  5 spectral elephants (Lair:5)
  Sigmund (D:2)
  3 flying skulls (Volcano)
  27 yaks
  7 wyverns
  2 alligator skeletons (Volcano)
  3 wraiths
  3 slime creatures
  8 basilisks
  Eustachio (D:4)
  A death yak simulacrum (Lair:5)
  2 steam dragons
  2 spectral cane toads (Lair:5)
  3 vampire mosquitoes (D:12)
  7 nagas
  13 water moccasins
  7 wargs
  An acid dragon (D:9)
  27 orc warriors
  A sky beast (D:7)
  An ice beast (D:7)
  6 wolves (Lair:3)
  An elephant skeleton (Lair:5)
  32 ogres
  6 centaurs
  A phantom (D:5)
  A lemure (D:4)
  2 kobold brigands (D:9)
  11 bullfrogs
  An elf zombie (Ossuary)
  4 scorpions
  3 gnoll sergeants (D:9)
  A necrophage (D:4)
  12 wights
  A wyvern skeleton (D:5)
  3 elephant simulacra (Lair:5)
  9 killer bees
  2 spriggan skeletons (Volcano)
  A troll skeleton (Volcano)
  A howler monkey (D:5)
  7 electric eels
  7 crimson imps (D:12)
  2 centaur zombies
  5 hounds
  A human zombie (Ossuary)
  A bullfrog skeleton (D:5)
  4 jellies
  23 orc priests
  2 iguanas
  Natasha (thrice) (D:4)
  Terence (D:2)
  22 orc wizards
  9 hell rats
  A killer bee zombie (D:5)
  2 naga skeletons (Volcano)
  A hound zombie (Ossuary)
  3 mummies (Ossuary)
  12 gnolls
  6 adders
  2 shadow imps
  4 white imps
  2 ufetubi
  5 adder zombies (Ossuary)
  2 worms (D:3)
  2 dart slugs
  76 orcs
  4 bats
  6 endoplasms
  2 giant cockroaches
  A gnoll zombie (Ossuary)
  17 goblins
  17 hobgoblins
  3 jackals (D:2)
  A quokka (D:5)
  10 ball pythons
  2 frilled lizards
  3 goblin zombies (Ossuary)
  A hobgoblin zombie (Ossuary)
  3 jackal zombies (Ossuary)
  10 kobolds
  4 kobold zombies (Ossuary)
  4 orc zombies (Ossuary)
  3 quokka zombies (Ossuary)
  5 rats
  3 rat zombies (Ossuary)
709 creatures vanquished.

Vanquished Creatures (others)
  A warg (Orc:1)
  An ogre (D:5)
  A centaur (D:5)
  A gnoll (D:9)
  23 fungi
  39 plants
  34 withered plants (Lair:5)
100 creatures vanquished.

Grand Total: 809 creatures vanquished

Notes
Turn   | Place    | Note
-------+----------+-------------------------------------------
     0 | D:1      | Newt the Demonspawn Gladiator began the quest for the Orb.
     0 | D:1      | Reached XP level 1. HP: 16/16 MP: 1/1
   139 | D:1      | Reached skill level 1 in Stealth
   319 | D:1      | Gained mutation: You are surrounded by a mild repulsion
                  | field. (EV +2) [demonic ancestry]
   319 | D:1      | Reached XP level 2. HP: 22/22 MP: 2/2
   870 | D:2      | Noticed Terence
   878 | D:2      | Gained mutation: You have large cloven feet. [demonic
                  | ancestry]
   878 | D:2      | Reached XP level 3. HP: 9/27 MP: 3/3
  1182 | D:2      | Killed Terence
  1495 | D:2      | Noticed Sigmund
  1503 | D:2      | Killed Sigmund
  1504 | D:2      | Reached skill level 2 in Axes
  1504 | D:2      | Gained mutation: You are surrounded by a moderate repulsion
                  | field. (EV +3) [demonic ancestry]
  1504 | D:2      | Reached XP level 4. HP: 23/37 MP: 4/4
  1504 | D:2      | Reached XP level 5. HP: 26/42 MP: 5/5
  2051 | D:2      | Identified the +8 ring mail of Xoastixo {Rampage Will+
                  | SInv}
  2169 | D:3      | Reached skill level 3 in Axes
  2378 | D:3      | Gained mutation: You have hoof-like feet. [demonic
                  | ancestry]
  2378 | D:3      | Reached XP level 6. HP: 48/48 MP: 6/6
  2620 | D:4      | Found a sand-covered staircase.
  2625 | Ossuary  | Entered an ossuary
  2738 | Ossuary  | Reached skill level 4 in Axes
  2906 | D:4      | Reached skill level 5 in Axes
  2906 | D:4      | Reached XP level 7. HP: 54/54 MP: 7/7
  2926 | D:4      | Noticed Eustachio
  2950 | D:4      | Killed Eustachio
  3028 | D:4      | Noticed Pikel
  3039 | D:4      | Killed Pikel
  3040 | D:4      | Reached skill level 6 in Axes
  3040 | D:4      | Reached skill level 1 in Armour
  3040 | D:4      | Gained mutation: You may rarely emit foul miasma when
                  | damaged in melee. [demonic ancestry]
  3040 | D:4      | Reached XP level 8. HP: 28/64 MP: 8/8
  3604 | D:4      | Noticed Natasha
  3611 | D:4      | Killed Natasha
  3753 | D:4      | Noticed Natasha
  3758 | D:4      | Killed Natasha
  3783 | D:4      | Noticed Natasha
  3787 | D:4      | Killed Natasha
  3832 | D:5      | Entered Level 5 of the Dungeon
  3839 | D:5      | Identified a scroll of acquirement
  3839 | D:5      | Acquired 936 gold pieces
  3870 | D:5      | Found an iron altar of Okawaru.
  3887 | D:5      | Found a basalt altar of Yredelemnul.
  3962 | D:5      | Reached skill level 1 in Maces & Flails
  4101 | D:5      | Found a staircase to the Ecumenical Temple.
  4753 | D:5      | Found a runed translucent gate.
  4753 | D:5      | Found a runed translucent gate.
  4754 | D:5      | Found a runed translucent gate.
  4755 | D:5      | Noticed demibob's ghost (novice DsGl)
  4915 | D:5      | Killed demibob's ghost
  4916 | D:5      | Reached XP level 9. HP: 54/69 MP: 9/9
  5665 | D:6      | Reached skill level 5 in Evocations
  6164 | D:5      | Became a worshipper of Warmaster Okawaru
  6235 | D:7      | Reached skill level 5 in Armour
  6555 | D:7      | Noticed a kobold demonologist
  6560 | D:7      | Noticed an orange demon
  6565 | D:7      | Killed a kobold demonologist
  6752 | D:7      | Found a sacrificial altar of Ru.
  6982 | D:7      | Reached * piety under Okawaru
  7274 | D:8      | Noticed a kobold demonologist
  7280 | D:8      | Noticed a red devil
  7287 | D:8      | Noticed an ice devil
  7292 | D:8      | Noticed a sixfirhy
  7293 | D:8      | Killed a kobold demonologist
  7294 | D:8      | Reached skill level 5 in Maces & Flails
  7294 | D:8      | Gained mutation: You sometimes emit foul miasma when
                  | damaged in melee. [demonic ancestry]
  7294 | D:8      | Reached XP level 10. HP: 25/76 MP: 10/10
  8028 | D:8      | Found Tyqabegac's Antique Armour Boutique.
  8036 | D:8      | Bought a warped ring mail for 243 gold pieces
  8036 | D:8      | Identified the +3 ring mail of Gravity {rElec SInv Stlth+}
                  | (You bought it in a shop on level 8 of the Dungeon)
  8513 | D:9      | Noticed a two-headed ogre
  8521 | D:9      | Killed a two-headed ogre
  8522 | D:9      | Reached skill level 7 in Axes
  8594 | D:9      | Reached ** piety under Okawaru
  8687 | D:9      | Found a flagged portal.
  8695 | Bailey   | Entered a bailey
  8806 | Bailey   | Reached skill level 8 in Axes
  8852 | Bailey   | Noticed an orc sorcerer
  8859 | Bailey   | Killed an orc sorcerer
  9002 | Bailey   | Reached skill level 9 in Axes
  9138 | Bailey   | Noticed an orc knight
  9141 | Bailey   | Reached *** piety under Okawaru
  9144 | Bailey   | Killed an orc knight
  9154 | Bailey   | Acquired a +2 battleaxe of electrocution
  9203 | Bailey   | Found an iron altar of Okawaru.
  9215 | Bailey   | Gained mutation: You have hooves in place of feet. [demonic
                  | ancestry]
  9215 | Bailey   | Reached XP level 11. HP: 61/84 MP: 11/11
  9289 | Bailey   | Identified the +3 great sword of Superiority {drain, rF+}
  9464 | D:9      | Received a gift from Okawaru
  9475 | D:9      | HP: 2/86 [orc warrior/+1 mace of holy wrath (15)]
  9506 | D:10     | Entered Level 10 of the Dungeon
 10322 | D:9      | Identified the +2 flail of Vukk {drain, Str+4 Int+2}
 10671 | D:10     | Reached **** piety under Okawaru
 10701 | D:10     | Found a staircase to the Lair.
 10720 | D:10     | Found a radiant altar of Vehumet.
 10732 | D:10     | Found a hide-covered altar of Uskayaw.
 10752 | D:10     | Found an ornate altar of the Wu Jian Council.
 10762 | D:10     | Found a hazy altar of Hepliaklqana.
 10779 | D:10     | Noticed Joseph
 10785 | D:10     | Killed Joseph
 10896 | D:10     | Reached skill level 10 in Fighting
 11162 | D:10     | Noticed a two-headed ogre
 11167 | D:10     | Killed a two-headed ogre
 11170 | D:10     | Received a gift from Okawaru
 11208 | D:10     | Noticed a two-headed ogre
 11214 | D:10     | Killed a two-headed ogre
 11215 | D:10     | Reached skill level 10 in Axes
 11218 | D:10     | Reached ***** piety under Okawaru
 12023 | D:11     | Noticed a red ugly thing
 12034 | D:11     | Killed a red ugly thing
 12167 | D:11     | Reached skill level 11 in Axes
 12171 | D:11     | Received a gift from Okawaru
 12348 | D:12     | Noticed Jorgrun
 12360 | D:12     | Killed Jorgrun
 12361 | D:12     | Reached XP level 12. HP: 49/97 MP: 12/12
 12684 | D:12     | Reached skill level 12 in Axes
 12699 | D:12     | Found a staircase to the Orcish Mines.
 12925 | D:12     | You are sucked into a shaft and drop 1 floor!
 12943 | D:12     | Noticed Gastronok
 12958 | D:12     | Killed Gastronok
 13143 | D:12     | Noticed a six-headed hydra
 13148 | D:12     | Reached skill level 13 in Axes
 13154 | D:12     | Killed a ten-headed hydra
 13154 | D:12     | Reached ****** piety under Okawaru
 13154 | D:12     | Received a gift from Okawaru
 13154 | D:12     | Found the +8 Wrath of Trog {antimagic, *Rage Rampage}
 13970 | Lair:1   | Entered Level 1 of the Lair of Beasts
 14016 | Lair:1   | Reached skill level 1 in Invocations
 14170 | Lair:1   | Noticed Amaemon
 14192 | Lair:1   | Killed Amaemon
 14581 | Lair:1   | Reached skill level 5 in Invocations
 14958 | Lair:1   | Received a gift from Okawaru
 15320 | Lair:2   | Noticed a four-headed hydra
 15327 | Lair:2   | Killed a six-headed hydra
 15328 | Lair:2   | Received a gift from Okawaru
 15329 | Lair:2   | Gained mutation: A meltable shield of frost defends you.
                  | (SH +0) [demonic ancestry]
 15329 | Lair:2   | Reached XP level 13. HP: 103/103 MP: 19/19
 15785 | Lair:2   | Reached skill level 5 in Throwing
 15890 | Lair:2   | Found a staircase to the Swamp.
 16361 | Lair:3   | Identified the +3 executioner's axe of the Mind {drain,
                  | *Slow rF+ Str+2} (Okawaru gifted it to you on level 3 of
                  | the Lair of Beasts)
 16361 | Lair:3   | Received a gift from Okawaru
 17888 | Lair:3   | Found a staircase to the Snake Pit.
 18021 | Lair:3   | Identified the +6 scale mail "Kugoh" {rF+ Dex+3} (Okawaru
                  | gifted it to you on level 3 of the Lair of Beasts)
 18021 | Lair:3   | Received a gift from Okawaru
 18022 | Lair:3   | Reached skill level 10 in Throwing
 18952 | Lair:4   | Found a viscous altar of Jiyva.
 18953 | Lair:4   | Found a staircase to the Slime Pits.
 18981 | Lair:4   | Reached skill level 14 in Axes
 18981 | Lair:4   | Reached XP level 14. HP: 110/110 MP: 20/20
 19258 | Lair:4   | You are sucked into a shaft and drop 1 floor!
 19258 | Lair:5   | Entered Level 5 of the Lair of Beasts
 21356 | Lair:5   | Received a gift from Okawaru
 21368 | Lair:5   | Received a gift from Okawaru
 21671 | Lair:5   | Identified the +1 quarterstaff "Kaaqexep" {protect, Contam
                  | rPois Int+7 Dex-2}
 21781 | Lair:5   | Received a gift from Okawaru
 22323 | Orc:1    | Entered Level 1 of the Orcish Mines
 22362 | Orc:1    | Reached skill level 15 in Throwing
 22443 | Orc:1    | Found a runed translucent gate.
 22444 | Orc:1    | Found a runed translucent gate.
 22446 | Orc:1    | Found a runed translucent gate.
 22447 | Orc:1    | Found an opulent altar of Gozag.
 22449 | Orc:1    | Noticed Rumaargh's ghost (journeyman NaFE)
 22450 | Orc:1    | Found Kuipel's Assorted Antiques.
 22470 | Orc:1    | Noticed Sonja
 22492 | Orc:1    | Killed Sonja
 22875 | Orc:1    | Noticed Erica
 22881 | Orc:1    | Killed Erica
 23006 | Orc:1    | Identified the +2 pair of gloves "Tifuarch" {Harm Dex+3}
                  | (Okawaru gifted it to you on level 1 of the Orcish Mines)
 23006 | Orc:1    | Received a gift from Okawaru
 23223 | Orc:1    | Killed Rumaargh's ghost
 23359 | Orc:1    | Bought a scroll labelled MIUNKE VOROE for 31 gold pieces
 23403 | Orc:2    | Entered Level 2 of the Orcish Mines
 23446 | Orc:2    | Found a dark tunnel.
 23450 | Orc:2    | Reached skill level 15 in Axes
 23467 | Volcano  | Entered a volcano
 23750 | Volcano  | Gained mutation: You punish those that try to bend your
                  | will. (Will+) [demonic ancestry]
 23750 | Volcano  | Reached XP level 15. HP: 80/115 MP: 7/21
 24165 | Orc:2    | Found a staircase to the Elven Halls.
 24253 | Orc:2    | Found a transporter.
 24256 | Orc:2    | Noticed whiskeysaurus's ghost (journeyman BaSu)
 24256 | Orc:2    | Identified the +5 giant spiked club of Harmony {freeze, rF+
                  | Str+9 Dex-2 SInv}
 24369 | Orc:2    | Reached skill level 16 in Axes
 24374 | Orc:2    | Found Gaujah's Weapon Shop.
 24374 | Orc:2    | Found Pane's Weapon Emporium.
 24380 | Orc:2    | Found Kovaik's Jewellery Emporium.
 24380 | Orc:2    | Found Oterr's Antique Armour Boutique.
 24467 | Orc:2    | Bought a runed scarf for 232 gold pieces
 24543 | Orc:2    | Noticed Rupert
 24552 | Orc:2    | Killed Rupert
 25032 | Orc:2    | Found a transporter.
 25037 | Orc:2    | Received a gift from Okawaru
 25046 | Orc:2    | Killed whiskeysaurus's ghost
 25047 | Orc:2    | Reached skill level 17 in Axes
 25236 | Orc:2    | Bought the ring "Xiosmiu" {rPois rC++ rN+ Int-3 Slay+3} for
                  | 825 gold pieces
 25417 | Snake:1  | Entered Level 1 of the Snake Pit
 26851 | Snake:2  | HP: 2/115 [salamander/+0 trident (14)]
 26851 | Snake:2  | Mangled by a salamander

Illustrated notes

Levels and vault maps discovered:
D:1:      nagdon_arrival_double_spiral, layout_loops_ring
D:2:      layout_basic, minmay_misc_feat_secret_circle, grunt_decor_resistance,
          minmay_fractal_squares_gapless_5, uniq_sigmund, uniq_terence
D:3:      layout_rooms
D:4:      layout_basic, nicolae_ossuary_entry_ruins, minivault_19,
          hangedman_feature_mirror, nicolae_concentric_dashed_squares_mild,
          uniq_eustachio, uniq_natasha, uniq_pikel
D:5:      layout_basic, grunt_temple_overflow_cloverleaf, temple_doors_e,
          gammafunk_ghost_necromancy, serial_curves, eino_curves_01,
          eino_curves_02, lemuel_flamethrower_2
D:6:      layout_basic, serial_aquarium, aquarium_bridge_square
          [aquarium_subvault_bridge, aquarium_subvault_window,
          aquarium_subvault_bridge, aquarium_subvault_wall],
          aquarium_window_fake, aquarium_window_fake, aquarium_window_1,
          aquarium_window_2, aquarium_view_2c, aquarium_balcony_1a,
          aquarium_pool_2
D:7:      layout_basic, nicolae_ru_great_annihilating_truth
D:8:      layout_loops_ring, serial_shops, shop
D:9:      wad_guarded_room, layout_loops_ring, enter_bailey_4
D:10:     layout_small_grid, nicolae_overflow_quartered_altars,
          erik_lair_orcish_takeover, uniq_joseph
D:11:     layout_cave_pools
D:12:     layout_cross, erik_orc_3, minmay_nine_imps, uniq_jorgrun,
          uniq_gastronok
D:13:     layout_gridville, drop_trap, nicolae_hepliaklqana_hazy_memory
Lair:1:   layout_long_grid, infiniplex_staircase_pool, grunt_megastairs_2,
          serial_bayou_shore_a, uniq_amaemon
Lair:2:   layout_chaotic_city, swamp_mist_pool, grunt_megastairs_4,
          serial_bayou_shore_b
Lair:3:   nzn_winding_woodlands_stair_trap [nzn_winding_woodlands_5x15_pockets,
          nzn_winding_woodlands_5x15_sidewinder,
          nzn_winding_woodlands_5x15_twine,
          nzn_winding_woodlands_15x15_boxy_spiral,
          nzn_winding_woodlands_5x15_split_checker,
          nzn_winding_woodlands_5x15_pool, nzn_winding_woodlands_5x15_sawtooth],
          layout_gridlike, nicolae_snake_entry_squirm, serial_bayou,
          serial_bayou_pond_d, serial_bayou_shore_b, serial_bayou_pond_e,
          serial_bayou_lake_a
Lair:4:   layout_concentric_octagons, minmay_slime_entry_pillars,
          dreamdust_mushroom_princess, grunt_megastairs_3, lemuel_fruit_tree
Lair:5:   due_jungle_book, layout_big_grid, serial_bayou_shore_b
Snake:1:  layout_honeycomb, nicolae_integral_box
Snake:2:  layout_layer_cave, nicolae_snake_mages_go_home
Orc:1:    layout_diamond_mine, ebering_ghost_gozag, uniq_erica, uniq_josephine,
          uniq_sonja
Orc:2:    st_orc_ogre_mass, layout_diamond_mine, enter_volcano_2,
          gammafunk_ghost_smash, uniq_rupert

Skill      XL: |  1  2  3  4  5  6  7  8  9 10 11 12 13 14 15 |
---------------+----------------------------------------------+-----
Stealth        | 1 2 3 |  3.0
Fighting       | 4 6 7 10 | 10.0
Axes           | 2 3 5 6 9 11 13 14 15 17 | 17.6
Armour         | 1 4 7 |  7.8
Maces & Flails | 4 5 6 |  6.0
Evocations     | 2 5 |  5.0
Invocations    | 8 |  8.0
Throwing       | 3 10 15 | 15.0
Short Blades   | |  2.6
Dodging        | |  2.6

Action                   |  1- 3 |  4- 6 |  7- 9 | 10-12 | 13-15 || total
-------------------------+-------+-------+-------+-------+-------++-------
Melee: Hand axe          |    60 |   119 |    63 |       |       ||   242
       Kick              |     1 |    35 |   136 |   155 |   320 ||   647
       Punch             |       |     3 |     6 |       |       ||     9
       Whip              |       |       |   308 |    59 |       ||   367
       Battleaxe         |       |       |       |   449 |   787 ||  1236
Throw: Throwing net      |     2 |       |       |       |     1 ||     3
       Javelin           |       |       |       |       |     3 ||     3
Invok: Heroism           |       |       |       |       |     1 ||     1
Evoke: Wand              |       |       |     1 |     3 |       ||     4
  Use: Scroll            |     3 |     9 |     6 |    11 |     7 ||    36
       Potion            |       |       |     4 |     4 |     4 ||    12
 Stab: Sleeping          |     4 |     6 |     3 |     7 |     7 ||    27
       Invisible         |       |       |     3 |       |     5 ||     8
       Paralysed         |       |       |     1 |       |       ||     1
       Distracted        |       |       |       |     1 |     1 ||     2
Armor: Leather armour    |    14 |     3 |       |       |       ||    17
       Ring mail         |       |    28 |   148 |   165 |   305 ||   646
Dodge: Dodged            |    46 |    48 |   290 |   407 |   496 ||  1287
Block: Other             |       |       |       |       |   119 ||   119

Table legend: (Time is in decaauts)
 A = Elapsed time spent in this place.
 B = Non-inter-level travel time spent in this place.
 C = Inter-level travel time spent in this place.
 D = Time resting spent in this place.
 E = Time spent auto-exploring this place.
 F = Levels seen in this place.
 G = Mean time per level.
                   A        B        C        D        E       F      G
               +--------+--------+--------+--------+--------+-----+--------+
         Total |  27019 |  26036 |    983 |   7446 |  14677 |  25 | 1080.8 |
       Dungeon |  13173 |  12664 |    509 |   3476 |   7446 |  13 | 1013.3 |
          Lair |   8393 |   8102 |    291 |   3227 |   3833 |   5 | 1678.6 |
     Snake Pit |   1429 |   1414 |     15 |    118 |   1116 |   2 |  714.5 |
  Orcish Mines |   2364 |   2196 |    168 |    442 |   1364 |   2 | 1182.0 |
       Ossuary |    281 |    281 |      0 |      0 |    164 |   1 |  281.0 |
        Bailey |    682 |    682 |      0 |      0 |    465 |   1 |  682.0 |
       Volcano |    695 |    695 |      0 |    181 |    289 |   1 |  695.0 |
               +--------+--------+--------+--------+--------+-----+--------+

Top non-repeatable levels by time:
  Lair:5: 2905 daAuts
  Lair:3: 2640 daAuts
    D:12: 1641 daAuts
    D:10: 1472 daAuts
  Lair:1: 1389 daAuts
 Snake:1: 1362 daAuts
     D:9: 1303 daAuts
   Orc:2: 1241 daAuts
     D:8: 1240 daAuts
     D:5: 1199 daAuts
     D:6: 1143 daAuts
     D:1: 1130 daAuts
   Orc:1: 1123 daAuts
     D:7: 1044 daAuts
     D:2: 989 daAuts
